 Dungeon Crawl Stone Soup version 0.27.1-4-g1640c2035a (webtiles) character file.

Game seed: 13692312951654919521

10 tizbic2 the Grave Robber (level 2, 0/24 HPs)
             Began as an Ogre Necromancer on Nov 13, 2021.
             Was a Follower of Wu Jian.
             Slain by a quokka (3 damage)
             ... on level 1 of the Dungeon.
             The game lasted 00:03:18 (324 turns).

tizbic2 the Grave Robber (Ogre Necromancer)          Turns: 324, Time: 00:03:19

Health: 0/24       AC:  3    Str: 11    XL:     2   Next: 20%
Magic:  5/5        EV:  9    Int: 16    God:    Wu Jian [*.....]
Gold:   15         SH:  0    Dex:  9    Spells: 4/6 levels left

rFire    . . .     SeeInvis .   (no weapon)
rCold    . . .     Faith    .   (no shield)
rNeg     . . .     Spirit   .   a - +0 robe
rPois    .         Reflect  .   (helmet restricted)
rElec    .         Harm     .   (no cloak)
rCorr    .         Rampage  .   (gloves unavailable)
Will     .....                  (boots unavailable)
Stlth    +.........             (no amulet)
HPRegen  0.08/turn              (no ring)
MPRegen  0.09/turn              (no ring)

@: no status effects
A: large, unfitting armour, tough skin 1
a: Renounce Religion


You were on level 1 of the Dungeon.
You worshipped Wu Jian.
Wu Jian was aware of your devotion.
You visited 1 branch of the dungeon, and saw 1 of its levels.

You collected 15 gold pieces.

Inventory:

Armour
 a - a +0 robe (worn)
Scrolls
 b - a scroll of brand weapon {unknown}
 c - a scroll of acquirement {unknown}


   Skills:
 + Level 0.1 Fighting
 * Level 1.8 Dodging
 - Level 1.4 Stealth
 + Level 0.3 Unarmed Combat
 + Level 2.5 Spellcasting
 + Level 3.9 Necromancy


You had 4 spell levels left.
You knew the following spells:

 Your Spells              Type           Power      Damage    Failure   Level
a - Pain                  Necr           56%        1d6       4%          1
b - Animate Skeleton      Necr           28%        N/A       4%          1

Your spell library contained the following spells:

 Spells                   Type           Power      Damage    Failure   Level
 Vampiric Draining        Necr           7%         2d7       12%         3
 Animate Dead             Necr           7%         N/A       36%         4
 Agony                    Necr           14%        N/A       73%         5
 Excruciating Wounds      Necr           7%         N/A       73%         5


Dungeon Overview and Level Annotations

Branches:
Dungeon (1/15)

Altars:
Wu Jian


Innate Abilities, Weirdness & Mutations

You are too large for most types of armour.
You have tough skin. (AC +1)


Message History

You hit the hobgoblin.
The hobgoblin is moderately wounded.
The hobgoblin closely misses you.
You hit the hobgoblin but do no damage.
The hobgoblin is moderately wounded.
The hobgoblin closely misses you. The quokka bites you.
You spin and attack the hobgoblin.
You barely miss the hobgoblin.
The hobgoblin is moderately wounded.
You spin and attack the quokka.
You hit the quokka.
The quokka is severely wounded.
The hobgoblin hits you but does no damage.
The quokka closely misses you.
You see here a ball python corpse.
You spin and attack the hobgoblin.
You hit the hobgoblin.
The hobgoblin is heavily wounded.
You spin and attack the quokka.
You miss the quokka.
The quokka is severely wounded.
The quokka bites you but does no damage.
The hobgoblin hits you.
You spin and attack the hobgoblin.
You hit the hobgoblin.
The hobgoblin is severely wounded.
You spin and attack the quokka.
You miss the quokka.
The quokka is severely wounded.
The quokka barely misses you. The hobgoblin hits you.
The quokka barely misses you.
You see here a ball python corpse.
You spin and attack the hobgoblin.
You hit the hobgoblin.
The hobgoblin is almost dead.
You spin and attack the quokka.
You hit the quokka but do no damage.
The quokka is severely wounded.
The hobgoblin hits you.
* * * LOW HITPOINT WARNING * * *
The quokka bites you.
* * * LOW HITPOINT WARNING * * *
You aren't carrying any potions.
The quokka barely misses you. The hobgoblin barely misses you.
The quokka bites you.
* * * LOW HITPOINT WARNING * * *
The quokka bites you.
You die...

##### #...# ########
#...########## #......#
#...##........
######......###...##.####.##
...........@rg..............
...........................†
##..........#.....##.#.##...
#.......####...####.#.##...
#.......# #...# #.#.##...
#.......# #...# #...##...
#.......# #...# ###......
#.......# #...# #......
#.......######## #..(..#


You could see a quokka and a hobgoblin.

Vanquished Creatures
  A dart slug (D:1)
  2 hobgoblins (D:1)
  A ball python (D:1)
  A bat (D:1)
  A kobold (D:1)
  A rat (D:1)
7 creatures vanquished.

Vanquished Creatures (collateral kills)
  A quokka (D:1)
  A ball python (D:1)
2 creatures vanquished.

Grand Total: 9 creatures vanquished

Notes
Turn   | Place    | Note
-------+----------+-------------------------------------------
     0 | D:1      | tizbic2 the Ogre Necromancer began the quest for the Orb.
     0 | D:1      | Reached XP level 1. HP: 16/16 MP: 3/3
    63 | D:1      | Learned a level 1 spell: Animate Skeleton
   188 | D:1      | Reached XP level 2. HP: 12/24 MP: 1/5
   223 | D:1      | Found a faded altar of an unknown god.
   226 | D:1      | Became a worshipper of the Wu Jian Council
   226 | D:1      | Reached * piety under Wu Jian
   324 | D:1      | Slain by a quokka

Illustrated notes

Levels and vault maps discovered:
D:1:      amcnicky_arrival_single_pillar, layout_basic,
          hellmonk_ecumenical_altar_inner_sanctum,
          chequers_serial_rivers_micro_e, hangedman_decor_clover_reticule

Action                   || total
-------------------------++-------
Melee: Unarmed           ||    34
 Cast: Pain              ||     7
       Animate Skeleton  ||     4
Invok: Whirlwind         ||     8
       Lunge             ||     2
  Use: Potion            ||     1
Armor: Robe              ||    17
Dodge: Dodged            ||    24
